 Dungeon Crawl Stone Soup version 0.32-a0-17-gb74e046682 (webtiles) character file.

Game seed: 4954655462548888429

113781 garrulousMonolith the Tortoise (level 16, -18/106 HPs)
             Began as a Gargoyle Fighter on Jan 16, 2024.
             Was the Champion of the Shining One.
             Demolished by Donald
             ... wielding a +5 demon trident of venom
              (36 damage)
             ... on level 2 of the Orcish Mines.
             The game lasted 00:41:12 (25094 turns).

garrulousMonolith the Tortoise (Gargoyle Fighter)  Turns: 25094, Time: 00:41:12

Health: -18/106    AC: 39    Str: 26    XL:     16   Next: 64%
Magic:  26/26      EV:  4    Int: 16    God:    the Shining One [******]
Gold:   1628       SH:  0    Dex: 11    Spells: 15/15 levels left

rFire   + + +        a - +4 eveningstar (freeze)
rCold   + . .        C - +0 tower shield
rNeg    + + +        E - +1 plate armour {rF+}
rPois   ∞            T - +1 helmet {Int+3}
rElec   +            N - scarf {rC+ rF+}
rCorr   .            M - +1 pair of gloves
SInv    .            u - +1 pair of boots
Will    ++...        d - amulet of faith Stlth
                     s - ring of willpower
HPRegen 0.37/turn    O - ring "Votwolee" {rF+ Str+4}
MPRegen 0.20/turn

%: faith
@: flying, held, glowing
A: sickness immunity, AC +12, big wings, negative energy resistance 1,
electricity resistance, torment resistance 1, petrification resistance
a: Renounce Religion, Divine Shield, Cleansing Flame, Summon Divine Warrior


You were on level 2 of the Orcish Mines.
You worshipped the Shining One.
The Shining One was exalted by your worship.
You visited 3 branches of the dungeon, and saw 22 of its levels.
You visited the Abyss 1 time.
You also visited: Sewer, Ossuary, Gauntlet and Volcano.

You collected 2909 gold pieces.
You spent 1281 gold pieces at shops.

Inventory:

Hand Weapons
 a - a +4 eveningstar of freezing (weapon)
 b - a +7 sacred scourge of holy wrath
Missiles
 r - 4 throwing nets (quivered)
 R - 2 silver javelins
 Z - 11 javelins
Armour
 p - a +0 kite shield
 u - a +1 pair of boots (worn)
 C - a +0 tower shield (worn)
 E - a +1 plate armour of fire resistance (worn)
 M - a +1 pair of gloves (worn)
 N - a scarf of resistance (worn)
 T - a +1 helmet of intelligence (worn)
Jewellery
 d - an amulet of faith (around neck)
 f - a ring of resist corrosion
 l - a ring of protection from cold
 s - a ring of willpower (left hand)
 t - a +5 ring of evasion
 O - the ring "Votwolee" (right hand) {rF+ Str+4}
   (You found it in a Gauntlet)

   [ring of protection from fire]

   Str+4:     It affects your strength (+4).
   rF+:       It protects you from fire.
 W - a +4 ring of protection
Wands
 c - a wand of light (1)
 n - a wand of paralysis (25)
 q - a wand of digging (2)
 y - a wand of mindburst (17)
 B - a wand of iceblast (11)
 I - a wand of flame (20)
 V - a wand of polymorph (5)
Scrolls
 e - 11 scrolls of teleportation
 j - 4 scrolls of fog
 k - 4 scrolls of poison
 o - 2 scrolls of vulnerability
 x - 2 scrolls of immolation
 A - 3 scrolls of brand weapon
 K - 3 scrolls of amnesia
Potions
 g - 2 potions of brilliance
 h - 2 potions of cancellation
 i - 3 potions of mutation
 w - a potion of curing
 z - 2 potions of ambrosia {unknown}
 D - 2 potions of haste
 F - 7 potions of enlightenment
 G - 2 potions of lignification
 J - 5 potions of resistance
 L - 2 potions of magic
 S - a potion of attraction {unknown}
 X - 2 potions of invisibility {unknown}
Miscellaneous
 U - a phial of floods
 Y - a box of beasts


   Skills:
 + Level 14.2 Fighting
 - Level 16.0 Maces & Flails
 + Level 17.6 Armour
 * Level 14.5 Shields
 + Level 13.6 Invocations


You had 15 spell levels left.
You didn't know any spells.
Your spell library contained the following spells:

 Spells                   Type           Power      Damage    Failure   Level
 Apportation              Tloc           0%         N/A       98%         1
 Foxfire                  Conj/Fire      0%         2x1d4     98%         1
 Necrotise                Necr           0%         1d4       98%         1
 Sandblast                Erth           0%         2d4       98%         1
 Slow                     Hex            0%         N/A       98%         1
 Summon Small Mammal      Summ           0%         N/A       98%         1
 Ensorcelled Hibernation  Hex/Ice        0%         N/A       99%         2
 Call Canine Familiar     Summ           0%         N/A       100%        3
 Confusing Touch          Hex            0%         N/A       100%        3
 Fugue of the Fallen      Necr           0%         N/A       100%        3
 Ozocubu's Armour         Ice            0%         N/A       100%        3
 Passwall                 Erth           0%         N/A       100%        3
 Sigil of Binding         Hex            0%         N/A       100%        3
 Stone Arrow              Conj/Erth      0%         3d7       100%        3
 Tukima's Dance           Hex            0%         N/A       100%        3
 Vampiric Draining        Necr           0%         2d6       100%        3
 Anguish                  Hex/Necr       0%         N/A       100%        4
 Brom's Barrelling Bould  Conj/Erth      0%         2d3       100%        4
 Manifold Assault         Tloc           0%         N/A       100%        4
 Martyr's Knell           Necr/Summ      0%         N/A       100%        4
 Olgreb's Toxic Radiance  Alch           0%         N/A       100%        4
 Passage of Golubria      Tloc           0%         N/A       100%        4
 Petrify                  Alch/Erth      0%         N/A       100%        4
 Summon Blazeheart Golem  Fire/Summ      0%         N/A       100%        4
 Curse of Agony           Necr           0%         N/A       100%        5
 Summon Mana Viper        Hex/Summ       0%         N/A       100%        5
 Bombard                  Conj/Erth      0%         9d1       100%        6
 Dispersal                Tloc           0%         N/A       100%        6
 Plasma Beam              Fire/Air       0%         2x1d10    100%        6
 Starburst                Conj/Fire      0%         6d3       100%        6
 Malign Gateway           Summ/Tloc      0%         N/A       100%        7
 Ozocubu's Refrigeration  Ice            0%         4d7       100%        7
 Discord                  Hex            0%         N/A       100%        8
 Fire Storm               Conj/Fire      0%         5d1       100%        9


Dungeon Overview and Level Annotations

Branches:
Dungeon (15/15)            Temple (0/1) D:4            Lair (5/5) D:10
  Swamp (0/4) Lair:3       Spider (0/4) Lair:2        Slime (0/5) Lair:5
    Orc (2/2) D:9          Vaults (0/5) D:14         Depths (0/4) D:15
  Sewer (visited)         Ossuary (visited)         Volcano (visited)
Gauntlet (visited)
    Elf: Orc:2

Altars:
Dithmenos
Fedhas
Hepliaklqana
Makhleb
Ru
Vehumet
The Shining One

Shops:
D:3 :   D:4 ?   D:9 (   D:12 ((*   D:14 [   D:15 (((

Portals:
Trove: D:11 (give +4 fire dragon scales)

Annotations:
D:8 3 runed translucent doors, jpeg9000's ghost, novice TeAE
D:11 2 transporters
Lair:4 2 transporters, Netol's ghost, journeyman DsEn
Orc:2 Donald


Innate Abilities, Weirdness & Mutations

You are immune to sickness and miasma.
Your stone body is resilient. (AC +12)
You are immune to poison.
Your large and strong wings let you fly.
You resist negative energy. (rN+)
You are resistant to electric shocks. (rElec)
You are resistant to unholy torment.
You are immune to petrification.


Message History

Throw: 5 throwing nets
Press: ? - help, Q - select action, (/) - cycle Shift-Dir - straight line, f/p - Donald
Aim: Donald, wielding a +5 demon trident of venom, wearing a +0 chain mail and wearing a +0 kite shield of reflection (fast, strong, reflecting blocked projectiles, haloed, 90% to hit)
You throw a throwing net.
Donald blocks the throwing net with his +0 kite shield of reflection... and reflects it back!
The throwing net hits you.
You become entangled in the net!
Donald hits you from afar with a +5 demon trident of venom.
You struggle against the net.
Donald barely misses you.
Donald hits you from afar with a +5 demon trident of venom!
You struggle against the net.
Donald hits you from afar with a +5 demon trident of venom!!
The orc warrior shoots an arrow.
The arrow hits you!
You struggle against the net.
Donald hits you but does no damage.
Donald hits you from afar with a +5 demon trident of venom!!
The orc warrior shoots an arrow.
The arrow completely misses you.
You struggle against the net.
Donald hits you from afar with a +5 demon trident of venom!!
* * * LOW HITPOINT WARNING * * *
The orc warrior shoots an arrow.
The arrow completely misses you.
As you read the scroll of fear, it crumbles to dust.
You assume a fearsome visage.
Donald resists with almost no effort.
The orc warrior looks frightened!
Donald says, "Can you turn the glow down a bit?
I can't see you to hit you." Donald hits you but does no damage.
Donald hits you from afar with a +5 demon trident of venom!
* * * LOW HITPOINT WARNING * * *
You feel better.
Donald says, "Can you turn the glow down a bit?
I can't see you to hit you." Donald hits you but does no damage.
Okay, then.
As you read the scroll of fog, it dissolves into smoke.
Donald says, "Won't need this ring of positive energy, then, will I?"
Donald hits you from afar with a +5 demon trident of venom.
* * * LOW HITPOINT WARNING * * *
Donald hits you from afar with a +5 demon trident of venom!!
The Shining One protects you from harm!
You feel better.
Donald hits you from afar with a +5 demon trident of venom!!!
You die...
Donald says, "I won.
I... don't hate that."

......................
.o#..o .................
.........................
........#........#.#.....
^.......)[)[.............
.#. #..##.[[.........#..
....##..).[...@§§§§.....
..........[.(.§§§§§.....
.....#........§§@#.#..
....##.#......§§§§§##
..............§§.§§.#
.............$............
#....................#.. .
...##.<...............
....#....[#......$.....
##.........$.#.#...
#.^............####


You could see Donald (fast, strong, reflecting).

Vanquished Creatures
  A bone dragon (Abyss:2)
  A stone giant (D:15)
  2 dire elephants (Lair:5)
  A minotaur (Gauntlet)
  A fire dragon (Volcano)
  Fannar (Lair:1)
  A rakshasa (D:15)
  Josephine (D:14)
  A vault guard (D:14)
  6 hydras
  2 ogre magi (Orc:1)
  6 centaur warriors
  A catoblepas (Lair:5)
  A hell beast (Gauntlet)
  19 two-headed ogres
  8 tengu warriors
  8 death yaks
  6 boulder beetles
  An anaconda (Lair:5)
  3 sun demons (Volcano)
  Nergalle (D:10)
  A wretched star (Abyss:2)
  A soul eater (Gauntlet)
  5 sixfirhies (Gauntlet)
  A skyshark (Lair:5)
  3 skeletal warriors (D:11)
  A spectral anaconda (Lair:5)
  2 bog bodies (Lair:3)
  A large abomination (Abyss:2)
  An obsidian statue (Lair:5)
  2 ugly things
  A deep elf pyromancer (D:14)
  4 necromancers (Lair:5)
  A lindwurm (Lair:5)
  2 oklob plants (Lair:3)
  2 orc sorcerers
  5 orc knights (Orc:1)
  4 manticores
  A worldbinder (Abyss:2)
  5 cyclopes
  2 black mambas (Lair:5)
  6 elephants (Lair:5)
  An ice statue (Gauntlet)
  3 smoke demons (Volcano)
  A torpor snail (Lair:4)
  2 gargoyles (D:10)
  Maggie (D:6)
  14 cane toads
  9 komodo dragons
  A kobold demonologist (D:10)
  6 rime drakes
  2 freezing wraiths (D:15)
  An ancient zyme (Abyss:2)
  A polar bear (Lair:3)
  A tengu conjurer (D:15)
  7 trolls
  A polar bear (shapeshifter) (D:14)
  11 blink frogs
  Grinder (D:3)
  9 slime creatures
  7 dream sheep (Lair:5)
  A tarantella (shapeshifter) (D:15)
  A raiju (Abyss:2)
  A centaur simulacrum (D:14)
  A shadow (D:8)
  A spriggan (Lair:3)
  9 wraiths
  66 yaks
  A hog (shapeshifter) (D:8)
  5 wyverns
  4 basilisks
  2 wargs (Orc:1)
  4 steam dragons
  A death yak simulacrum (Lair:5)
  An acid dragon (D:10)
  Menkaure (D:6)
  18 water moccasins
  4 hell hounds
  An ice beast (D:6)
  26 orc warriors
  Pargi (Sewer)
  2 laughing skulls (D:14)
  2 sky beasts (D:7)
  An elephant zombie (Lair:5)
  8 black bears
  19 wolves
  28 ogres
  11 centaurs
  A phantom (D:4)
  A brain worm (Sewer)
  10 bullfrogs
  2 gnoll sergeants
  6 water moccasin zombies (Ossuary)
  A cane toad simulacrum (Lair:5)
  A scorpion (D:6)
  A burial acolyte (Ossuary)
  5 wights
  7 killer bees
  An electric eel (Lair:3)
  8 howler monkeys
  A bombardier beetle (D:7)
  2 hounds
  11 orc priests
  A sleepcap (D:5)
  A jelly (D:5)
  An iron imp (Abyss:2)
  An iguana (D:6)
  15 orc wizards
  2 crocodile zombies (Ossuary)
  A bullfrog simulacrum (Ossuary)
  2 mummies (Ossuary)
  9 gnolls
  7 adders
  5 shadow imps
  3 white imps
  2 ufetubi (Gauntlet)
  An adder zombie (Ossuary)
  4 ribbon worms
  64 orcs
  9 ball pythons
  5 endoplasms
  2 giant cockroaches
  2 goblins (D:3)
  5 hobgoblins
  4 jackals (D:2)
  4 kobolds
  4 quokkas
  8 bats
  2 frilled lizards (D:2)
  6 gnoll zombies (Ossuary)
  A hobgoblin zombie (D:7)
  6 orc zombies (Ossuary)
  6 rats
663 creatures vanquished.

Vanquished Creatures (collateral kills)
  Louise (D:14)
  A centaur warrior (D:14)
  A cyclops (D:14)
  An efreet (D:14)
  An acid dragon (D:14)
  A crocodile (shapeshifter) (D:14)
  A howler monkey (D:14)
7 creatures vanquished.

Grand Total: 670 creatures vanquished

Notes
Turn   | Place    | Note
-------+----------+-------------------------------------------
     0 | D:1      | garrulousMonolith the Gargoyle Fighter began the quest for
                  | the Orb.
     0 | D:1      | Reached XP level 1. HP: 14/14 MP: 1/1
   150 | D:1      | Reached XP level 2. HP: 19/19 MP: 2/2
   163 | D:1      | Found a faded altar of an unknown god.
   717 | D:1      | Reached XP level 3. HP: 23/23 MP: 3/3
   874 | D:2      | Reached XP level 4. HP: 27/28 MP: 4/4
  1146 | D:2      | Identified the +0 whip of Wyrd {heavy, Str+2 Int-3 Dex+3}
  1189 | D:2      | Reached skill level 1 in Invocations
  1415 | D:3      | Found Zoddawni's Vocational Training.
  1449 | D:3      | Noticed Grinder
  1466 | D:3      | Paralysed by Grinder for 2 turns
  1473 | D:3      | Paralysed by Grinder for 2 turns
  1479 | D:3      | Paralysed by Grinder for 3 turns
  1489 | D:3      | Killed Grinder
  1490 | D:3      | Reached XP level 5. HP: 9/33 MP: 4/6
  1490 | D:3      | Reached XP level 6. HP: 10/38 MP: 4/7
  2066 | D:3      | Found a blossoming altar of Fedhas.
  2066 | D:3      | Found a glowing golden altar of the Shining One.
  2074 | D:3      | Found a hazy altar of Hepliaklqana.
  2076 | D:3      | Found a faded altar of an unknown god.
  2078 | D:3      | Found a burning altar of Makhleb.
  2481 | D:3      | Became a worshipper of the Shining One
  2620 | D:4      | Found a staircase to the Ecumenical Temple.
  2716 | D:4      | Found a glowing drain.
  2720 | Sewer    | Entered a sewer
  2801 | Sewer    | Noticed Pargi
  2821 | Sewer    | Killed Pargi
  2822 | Sewer    | Reached skill level 10 in Maces & Flails
  2822 | Sewer    | Reached skill level 4 in Armour
  2822 | Sewer    | Reached XP level 7. HP: 33/43 MP: 8/8
  3252 | D:4      | Found Lawnag's Magic Scroll Shoppe.
  3260 | D:4      | Bought a scroll of fear for 44 gold pieces
  3318 | D:5      | Entered Level 5 of the Dungeon
  3685 | D:5      | Reached XP level 8. HP: 31/48 MP: 10/10
  4521 | D:6      | Noticed Maggie
  4533 | D:6      | Killed Maggie
  4534 | D:6      | Reached skill level 5 in Fighting
  4534 | D:6      | Reached skill level 5 in Armour
  4534 | D:6      | Reached skill level 5 in Shields
  4681 | D:6      | Reached * piety under the Shining One
  4690 | D:6      | Reached XP level 9. HP: 54/54 MP: 11/11
  4731 | D:6      | Noticed Menkaure
  4737 | D:6      | Killed Menkaure
  5289 | D:7      | Found a radiant altar of Vehumet.
  5587 | D:7      | Found a sand-covered staircase.
  5597 | Ossuary  | Entered an ossuary
  5606 | Ossuary  | Reached ** piety under the Shining One
  5691 | Ossuary  | Reached *** piety under the Shining One
  5696 | Ossuary  | Reached skill level 6 in Armour
  5782 | Ossuary  | Identified 2 scrolls of acquirement
  5782 | Ossuary  | Acquired a +2 eveningstar of protection
  5785 | Ossuary  | Acquired a ring of protection from cold
  6472 | D:8      | Found a runed translucent gate.
  6472 | D:8      | Found a runed translucent gate.
  6500 | D:8      | Reached XP level 10. HP: 60/60 MP: 13/13
  6525 | D:8      | Reached **** piety under the Shining One
  6624 | D:8      | Reached skill level 5 in Invocations
  6640 | D:8      | Noticed a cyclops
  6646 | D:8      | Killed a cyclops
  6664 | D:8      | Found a runed translucent gate.
  6664 | D:8      | Noticed jpeg9000's ghost (novice TeAE)
  7032 | D:8      | Noticed a harpy
  7093 | D:9      | Noticed a white ugly thing
  7106 | D:9      | Killed a white ugly thing
  7107 | D:9      | Reached skill level 7 in Armour
  7282 | D:9      | Found a staircase to the Orcish Mines.
  7282 | D:9      | Found Fisubige's Weapon Shoppe.
  7615 | D:9      | Got the Tractate on Calid Obstruction
  7733 | D:9      | Reached skill level 8 in Armour
  8101 | D:10     | Entered Level 10 of the Dungeon
  8101 | D:10     | Noticed a centaur warrior
  8109 | D:10     | Killed a centaur warrior
  8110 | D:10     | Reached XP level 11. HP: 50/67 MP: 15/15
  8246 | D:10     | Noticed a cyclops
  8263 | D:10     | Killed a cyclops
  8462 | D:10     | Reached skill level 9 in Armour
  8466 | D:10     | Reached ***** piety under the Shining One
  8469 | D:10     | Found a staircase to the Lair.
  8684 | D:10     | Noticed Nergalle
  8699 | D:10     | Killed Nergalle
  9336 | Lair:1   | Entered Level 1 of the Lair of Beasts
  9483 | Lair:1   | Noticed a death yak
  9497 | Lair:1   | Killed a death yak
  9498 | Lair:1   | Reached skill level 10 in Armour
  9593 | Lair:1   | Noticed a death yak
  9594 | Lair:1   | Noticed a death yak
  9603 | Lair:1   | Killed a death yak
  9604 | Lair:1   | Reached XP level 12. HP: 46/75 MP: 17/17
  9610 | Lair:1   | Killed a death yak
  9901 | Lair:1   | Noticed Fannar
  9926 | Lair:1   | Killed Fannar
 10557 | Lair:2   | Reached skill level 11 in Armour
 10691 | Lair:2   | Found a hole to the Spider Nest.
 11593 | Lair:3   | Found a staircase to the Swamp.
 11679 | Lair:3   | Found a gate leading to a gauntlet.
 11690 | Gauntlet | Entered a Gauntlet
 11690 | Gauntlet | Found a transporter.
 11711 | Gauntlet | Found a transporter.
 11713 | Gauntlet | Found a transporter.
 11714 | Gauntlet | Found a transporter.
 11716 | Gauntlet | Noticed a soul eater
 11722 | Gauntlet | Found a transporter.
 11725 | Gauntlet | Found a transporter.
 11726 | Gauntlet | Found a transporter.
 11735 | Gauntlet | Found a transporter.
 11738 | Gauntlet | Found a transporter.
 11739 | Gauntlet | Found a transporter.
 11747 | Gauntlet | Found a transporter.
 11750 | Gauntlet | Found a transporter.
 11751 | Gauntlet | Found a transporter.
 11753 | Gauntlet | Noticed a hell beast
 11759 | Gauntlet | Found a transporter.
 11865 | Gauntlet | Killed a soul eater
 11866 | Gauntlet | Reached skill level 12 in Armour
 11898 | Gauntlet | Reached XP level 13. HP: 80/80 MP: 19/19
 11993 | Gauntlet | Identified the ring "Votwolee" {rF+ Str+4}
 12064 | Gauntlet | Identified the +1 chain mail of Ashenzari's Scorn {rElec
                  | rF+ rN+ Int+2}
 12064 | Gauntlet | Noticed a minotaur
 12082 | Gauntlet | Killed a minotaur
 12083 | Gauntlet | Reached skill level 15 in Maces & Flails
 12250 | Lair:3   | Reached skill level 10 in Fighting
 12822 | Lair:3   | Found a blossoming altar of Fedhas.
 12824 | Lair:3   | Reached ****** piety under the Shining One
 13132 | Lair:3   | Acquired 822 gold pieces
 13310 | Lair:4   | Reached skill level 10 in Shields
 13324 | Lair:4   | Found a transporter.
 13326 | Lair:4   | Got Naq Awae's Precepts of the Wayfarer
 13336 | Lair:4   | Found a dark tunnel.
 13352 | Lair:4   | Reached skill level 13 in Armour
 13356 | Volcano  | Entered a volcano
 13462 | Volcano  | Noticed a fire dragon
 13476 | Volcano  | Killed a fire dragon
 13767 | Lair:4   | Found a transporter.
 13771 | Lair:4   | Noticed Netol's ghost (journeyman DsEn)
 14057 | Lair:4   | Got the Volume of the Gargoyle
 14212 | Lair:4   | Found a runed translucent door.
 14395 | Lair:4   | Gained mutation: Your large and strong wings let you fly.
                  | [Gargoyle growth]
 14395 | Lair:4   | Reached XP level 14. HP: 59/88 MP: 21/21
 14509 | Lair:5   | Entered Level 5 of the Lair of Beasts
 14554 | Lair:5   | Reached skill level 10 in Invocations
 14571 | Lair:5   | Reached skill level 14 in Armour
 15121 | Lair:5   | The Shining One protects you from harm!
 15471 | Lair:5   | Found a staircase to the Slime Pits.
 15873 | Lair:5   | Reached skill level 15 in Armour
 16160 | Lair:5   | Noticed a dire elephant
 16161 | Lair:5   | Noticed a dire elephant
 16504 | D:9      | Bought a +4 vampiric demon whip for 1005 gold pieces
 16505 | D:9      | Identified a +6 sacred scourge of holy wrath (a +4 vampiric
                  | demon whip blessed by the Shining One)
 16505 | D:9      | Received a gift from the Shining One
 16973 | Lair:5   | Killed a dire elephant
 16987 | Lair:5   | The Shining One protects you from harm!
 17297 | Lair:5   | Killed a dire elephant
 17314 | Lair:5   | Reached XP level 15. HP: 71/96 MP: 23/23
 17755 | D:11     | Reached skill level 16 in Armour
 18090 | D:11     | Found a portal to a secret trove of treasure.
 18173 | D:11     | Found a transporter.
 18315 | D:11     | Found a transporter.
 18970 | D:12     | Found Tygga Ituc's Weapon Boutique.
 19062 | D:12     | Found Sesak's Weapon Shoppe.
 19123 | D:12     | Found Xedderu's Neck Hole.
 20414 | D:14     | Noticed Josephine
 20425 | D:14     | Killed Josephine
 20483 | D:14     | Noticed Louise
 20484 | Abyss:2  | Cast into level 2 of the Abyss (Louise)
 20486 | Abyss:2  | Found a corrupted altar of Lugonu.
 20564 | Abyss:2  | Noticed a bone dragon
 20588 | Abyss:2  | Killed a bone dragon
 20696 | D:14     | Escaped the Abyss
 20716 | D:14     | Killed Louise
 20872 | D:14     | Found a gate to the Vaults.
 20882 | D:14     | Reached skill level 17 in Armour
 21515 | D:14     | Found Jeiffa Mampu's Antique Armour Emporium.
 21519 | D:14     | Bought a glowing helmet for 232 gold pieces
 21759 | D:15     | Entered Level 15 of the Dungeon
 21768 | D:15     | Found Utatil's Weapon Shoppe.
 21770 | D:15     | Found Tawaryli's Weapon Boutique.
 21979 | D:15     | Reached XP level 16. HP: 104/104 MP: 25/25
 21993 | D:15     | Identified the +7 war axe "Killer Bee's Regret" {heavy,
                  | Str+3 Dex+3}
 22098 | D:15     | Found a sacrificial altar of Ru.
 22182 | D:15     | Found Biozux's Antique Weapon Boutique.
 22361 | D:15     | Found a staircase to the Depths.
 22490 | D:15     | Found a shadowy altar of Dithmenos.
 22796 | Orc:1    | Entered Level 1 of the Orcish Mines
 23460 | Orc:2    | Entered Level 2 of the Orcish Mines
 24407 | Orc:2    | Noticed Donald
 25091 | Orc:2    | HP: 5/106 [Donald/+5 demon trident of venom (9)]
 25093 | Orc:2    | The Shining One protects you from harm!
 25094 | Orc:2    | Demolished by Donald

Illustrated notes

Levels and vault maps discovered:
D:1:      minmay_arrival_nine_rooms, layout_loops_ring, basic_ecumenical_altar,
          kennysheep_crisscross
D:2:      layout_rooms, reono_crystal_passage, minmay_vboxes
D:3:      mumra_celtic_spiral_tile, layout_rooms,
          chequers_temple_overflow_minitemple, serial_co_window_serial,
          co_window_paths_a, co_window_cross_1, co_window_of_opportunity_a,
          co_window_corner_a, co_window_paths_b, co_window_paths_b,
          co_window_paths_c, co_window_unsneaky_path_e,
          co_window_of_opportunity_b, glass_columns_c, nicolae_shop_vocational,
          uniq_grinder
D:4:      layout_cave_pools, minmay_temple_entry_fiery, serial_shops, shop,
          gup_sewer_entry_spiral
D:5:      layout_loops_ring
D:6:      layout_loops_cross, uniq_menkaure, uniq_maggie
D:7:      layout_basic, kennysheep_little_box, enter_ossuary_3,
          palyth_stone_intersect
D:8:      layout_basic, gammafunk_ghost_split, minmay_manual_macuahuitl
D:9:      layout_basic, orc_david_3, minmay_misc_feat_plants, corner_web_ring
D:10:     layout_grid_maze, minmay_lair_entry_grove, uniq_nergalle
D:11:     layout_loops_ring, trove_entry_hex_spiral, nicolae_diode_stairs
D:12:     layout_basic, serial_shops, nicolae_shop_just_a_little_nook,
          shop_statue, nicolae_shop_sticking_my_neck_out
D:13:     layout_big_octagon, columned_hall_lemuel, serial_park_tiny_1
D:14:     layout_basic, david_vaults_5, serial_shops,
          nicolae_shop_back_alley_shop, lemuel_another_geyser, uniq_josephine,
          uniq_louise
D:15:     grunt_enter_depths_snipers, layout_irregular_city, serial_shops,
          nicolae_shop_peninsula, nicolae_shop_just_a_little_nook, shop,
          nicolae_ru_the_path_less_chosen,
          nicolae_dithmenos_through_a_glass_darkly
Lair:1:   layout_loops_ring, uniq_fannar
Lair:2:   layout_layer_cave, dummy_spider_entry, beast_lair_carwin_6,
          serial_bayou_shore_b
Lair:3:   layout_chaotic_city, skrybe_swamp_entry_bodies,
          gauntlet_entry_generic, fungi_pond_lemuel, hangedman_tree_tricks,
          forest_entry_grove
Lair:4:   layout_misc_corridors, nicolae_volcano_entry_two_sided,
          gammafunk_ghost_arena, pf_torpor_hydra
Lair:5:   due_jungle_book, layout_gridlike, slime_entry_1,
          hangedman_lair_generics_rect, grunt_megastairs_3
Orc:1:    layout_diamond_mine, special_room [special_room_orc]
Orc:2:    st_orc_ogre_mass, layout_caves, uniq_donald

Skill      XL: |  1  2  3  4  5  6  7  8  9 10 11 12 13 14 15 16 |
---------------+-------------------------------------------------+-----
Maces & Flails | 9 10 11 12 13 14 15 16 | 16.0
Invocations    | 1 2 3 4 6 7 8 9 11 12 13 | 13.6
Fighting       | 4 5 6 7 8 9 10 12 13 14 | 14.2
Armour         | 4 5 6 8 10 12 13 15 17 | 17.6
Shields        | 4 5 6 7 8 9 10 11 13 14 | 14.5

Action                     |  1- 3 |  4- 6 |  7- 9 | 10-12 | 13-15 | 16-18 || total
---------------------------+-------+-------+-------+-------+-------+-------++-------
  Melee: Flail             |    79 |    96 |   278 |       |       |       ||   453
         Whip              |       |    57 |       |       |       |       ||    57
         Eveningstar       |       |       |    18 |   462 |   645 |   296 ||  1421
         Sacred scourge    |       |       |       |       |   309 |     3 ||   312
  Throw: Throwing net      |       |       |       |       |       |     2 ||     2
 Invoke: Divine Shield     |       |       |       |     1 |     3 |     2 ||     6
         Cleansing Flame   |       |       |       |     3 |     5 |     2 ||    10
         Brand Weapon With |       |       |       |       |     1 |       ||     1
         Summon Divine War |       |       |       |       |     2 |       ||     2
  Evoke: Wand              |       |       |     3 |       |     8 |     7 ||    18
         Phial of floods   |       |       |       |       |     1 |       ||     1
         Box of beasts     |       |       |       |       |     1 |       ||     1
    Use: Scroll            |     4 |     3 |    14 |     4 |    10 |     4 ||    39
         Potion            |     1 |     3 |       |     3 |     8 |     5 ||    20
 Armour: Scale mail        |    60 |   105 |     7 |       |       |       ||   172
         Chain mail        |       |       |   226 |    37 |   169 |       ||   432
         Plate armour      |       |       |       |   351 |   775 |   241 ||  1367
  Dodge: Dodged            |    36 |    63 |   118 |   123 |   237 |    65 ||   642
  Block: Buckler           |    21 |    32 |    60 |   134 |   155 |       ||   402
         Kite shield       |       |       |       |       |   194 |       ||   194
         Tower shield      |       |       |       |       |    45 |   412 ||   457

Table legend: (Time is in decaauts)
 A = Elapsed time spent in this place.
 B = Non-inter-level travel time spent in this place.
 C = Inter-level travel time spent in this place.
 D = Time resting spent in this place.
 E = Time spent auto-exploring this place.
 F = Levels seen in this place.
 G = Mean time per level.
                   A        B        C        D        E       F      G
               +--------+--------+--------+--------+--------+-----+--------+
         Total |  24720 |  23469 |   1251 |   4347 |  14774 |  27 |  915.6 |
       Dungeon |  13881 |  13062 |    819 |   1654 |   9454 |  15 |  925.4 |
          Lair |   7349 |   6947 |    402 |   1376 |   4313 |   5 | 1469.8 |
  Orcish Mines |   2283 |   2255 |     28 |   1218 |    518 |   2 | 1141.5 |
         Abyss |    185 |    185 |      0 |      0 |    113 |   1 |  185.0 |
         Sewer |    140 |    140 |      0 |     16 |     51 |   1 |  140.0 |
       Ossuary |    187 |    187 |      0 |      4 |     68 |   1 |  187.0 |
       Volcano |    239 |    239 |      0 |      0 |    113 |   1 |  239.0 |
      Gauntlet |    453 |    453 |      0 |     79 |    144 |   1 |  453.0 |
               +--------+--------+--------+--------+--------+-----+--------+

Top non-repeatable levels by time:
  Lair:5: 2393 daAuts
   Orc:1: 2158 daAuts
    D:10: 1324 daAuts
  Lair:4: 1279 daAuts
  Lair:1: 1279 daAuts
  Lair:3: 1254 daAuts
    D:14: 1235 daAuts
     D:3: 1154 daAuts
  Lair:2: 1141 daAuts
     D:7: 1108 daAuts
     D:9: 1101 daAuts
     D:6: 1038 daAuts
    D:13: 911 daAuts
    D:11: 888 daAuts
    D:15: 884 daAuts
